 Dungeon Crawl Stone Soup version 0.23.2-1-ga50397a6bc (webtiles) character file.

Game seed: 10012149632104320207

86 Masnef the Chopper (level 4, -2/40 HPs)
             Began as a Hill Orc Monk on June 2, 2019.
             Slain by an orc wizard
             ... wielding a +0 dagger
              (3 damage)
             ... on level 3 of the Dungeon.
             The game lasted 00:04:34 (2394 turns).

Masnef the Chopper (Hill Orc Monk)                  Turns: 2394, Time: 00:04:35

Health: -2/40      AC:  7    Str: 14    XL:     4   Next: 50%
Magic:  4/4        EV: 11    Int: 10    God:
Gold:   80         SH:  0    Dex: 13    Spells: 3/3 levels left

rFire    . . .     SeeInvis .   a - +0 hand axe
rCold    . . .     Gourm    .   (no shield)
rNeg     . . .     Faith    .   h - +0 ring mail
rPois    .         Spirit   .   i - +0 helmet
rElec    .         Reflect  .   n - +0 cloak
rCorr    .         Harm     .   (no gloves)
MR       .....                  (no boots)
Stlth    +.........             (no amulet)
HPRegen  0.13/turn              (no ring)
MPRegen  0.09/turn              (no ring)

@: no status effects
A: no striking features
a: no special abilities


You were on level 3 of the Dungeon.
You were not hungry.

You visited 1 branch of the dungeon, and saw 3 of its levels.

You collected 80 gold pieces.

Inventory:

Hand Weapons
 a - a +0 hand axe (weapon)
 o - a +1 dagger of venom
Missiles
 p - a throwing net (quivered)
Armour
 b - a +0 robe
 e - a +0 leather armour
 h - a +0 ring mail (worn)
 i - a +0 helmet (worn)
 n - a +0 cloak (worn)
Scrolls
 d - a scroll of identify
 f - a scroll of fear {unknown}
 g - a scroll of blinking {unknown}
 l - a scroll of teleportation {unknown}
Potions
 k - 2 potions of agility
 m - a potion of heal wounds {unknown}
Comestibles
 c - 4 rations
 q - a chunk of flesh


   Skills:
 - Level 4.1 Fighting
 + Level 6.2 Axes
 - Level 2.6 Dodging
 - Level 1.6 Stealth


You had 3 spell levels left.
You didn't know any spells.
Your spell library was empty.

Dungeon Overview and Level Annotations

Branches:
Dungeon (3/15)

Altars:


Message History

A magic dart appears from out of thin air!
The magic dart hits you.
* * * LOW HITPOINT WARNING * * *
Things that are here:
a +0 dagger; a +0 robe; an orc corpse You're too confused to move!
You feel less confused. Something completely misses you.
Your ring mail prevents you from hitting something.
Something hits you but does no damage.
You closely miss something.
You hear some strange, mumbled words.
A magic dart appears from out of thin air!
The magic dart hits you!
* * * LOW HITPOINT WARNING * * *
You miss something. Something hits you.
* * * LOW HITPOINT WARNING * * *
You barely miss something. Something hits you but does no damage.
It was a potion of cancellation.
You feel magically purged. Something hits you.
You die...

## . #. #. ...# #.
# #.#####o......
.. .
#..@{slb..8....#.
.
#..####..8.8......
# #..#
8._.8.....## #..#
o8.8.=...)(. #..#
..8.. #....< #..##
... ..##.###
#...####.#..# #.##
#......o...# #..
#...######..#
##.##


You could see an orc, a giant cockroach, a bat and a frilled lizard.

Vanquished Creatures
  An orc wizard (D:3)
  An adder (D:2)
  A worm (D:2)
  A leopard gecko (D:1)
  3 orcs (D:3)
  6 bats
  4 giant cockroaches
  2 goblins
  9 hobgoblins
  4 jackals (D:1)
  5 kobolds
  2 frilled lizards (D:1)
  A rat (D:2)
40 creatures vanquished.

Notes
Turn   | Place    | Note
-------+----------+-------------------------------------------
     0 | D:1      | Masnef the Hill Orc Monk began the quest for the Orb.
     0 | D:1      | Reached XP level 1. HP: 19/19 MP: 1/1
    50 | D:1      | Reached XP level 2. HP: 8/27 MP: 2/2
   748 | D:1      | Reached XP level 3. HP: 28/33 MP: 3/3
  1290 | D:2      | Reached skill level 5 in Axes
  2341 | D:3      | Found a faded altar of an unknown god.
  2361 | D:3      | Reached XP level 4. HP: 36/40 MP: 4/4
  2371 | D:3      | Reached skill level 6 in Axes
  2392 | D:3      | HP: 1/40 [something (2)]
  2394 | D:3      | Slain by an orc wizard

Skill      XL: |  1  2  3  4 |
---------------+-------------+-----
Fighting       | 4 |  4.1
Axes           | 5 6 |  6.2
Dodging        | |  2.6
Stealth        | |  1.6

Action                   |  1- 3 |  4- 6 || total
-------------------------+-------+-------++-------
Melee: Hand axe          |   141 |    29 ||   170
  Use: Scroll            |     2 |       ||     2
       Potion            |       |     1 ||     1
 Stab: Sleeping          |     4 |       ||     4
  Eat: Chunk             |     5 |       ||     5
Armor: Robe              |    16 |       ||    16
       Ring mail         |    18 |    11 ||    29
Dodge: Dodged            |    94 |     6 ||   100
